Map: Catalyst LE

Players

Dae

  • Race: Zerg Zerg
  • League: Diamond
  • Spawn Location: 11:00

A.I. 1 (Very Easy) - Winner!

  • Race: Terran Terran
  • Spawn Location: 5:00

VOD

Have the link to the VOD?

Description

Time

  • Played on: May 2, 2018, 2:19 a.m.
  • Length: 3:44
Show
View Real Time Build Order
Export as new Build Order

Dae Zerg 

Build Orders: Hatch First 

Get SALT Encoding   

  12  0:02  Drone  
  13  0:13  Overlord  
  13  0:17  Drone  
  14  0:31  Drone x2  
  14  0:34  Drone  
  17  0:54  Hatchery  
  17  0:56  Drone  
  17  1:10  Spawning Pool  
  16  1:14  Drone  
  16  1:17  Extractor  
  16  1:19  Drone  
  16  1:23  Drone  
  18  1:29  Drone  
  19  1:41  Drone  
  20  1:51  Extractor  
  20  1:52  Drone  
  20  1:57  Queen  
  22  2:03  Drone, Roach Warren  
  22  2:07  Overlord  
  22  2:12  Drone  
  23  2:16  Drone  
  23  2:22  Drone  
  25  2:28  Drone  
  26  2:33  Drone  
  27  2:38  Drone  
  27  2:43  Overlord  
  28  2:49  Roach  
  30  2:55  Roach  
  32  2:59  Roach  
  32  3:05  Overlord  
  34  3:07  Roach x2  
  34  3:09  Roach  
  40  3:13  Roach  
  40  3:18  Overlord  
  42  3:22  Roach  
Show
View Real Time Build Order
Export as new Build Order

A.I. 1 (Very Easy) Terran - Winner!

Build Orders:  

Get SALT Encoding   

  12  0:00  SCV  
  13  0:13  SCV  
  14  0:18  Supply Depot  
  14  0:36  Refinery  
  14  0:42  Barracks  
  14  1:05  Supply Depot  
  14  1:13  Refinery  
  14  1:29  Marine  
  14  1:30  SCV  
  16  1:43  SCV  
  17  1:55  SCV  
  17  2:01  Marine  
  19  2:07  SCV  
  20  2:19  SCV  
  21  2:31  SCV  
  21  2:33  Marine  
  23  2:44  Orbital Command  
Tags
 
League
Diamond
Matchup
TvZ
Spawn Locations
Cross Positions
Add a new tag
Caveats
  • Supply blocks, unpowered buildings, or Contaminate may cause inaccurate times.
  • Supply counts are checked every 10 seconds.